 Dungeon Sprint DCSS version 0.20.1-1-g8b1a95d (webtiles) character file.

655 potatolord6000 the Summoner (level 7, -8/63 HPs)
             Began as a Barachi Summoner on Aug 30, 2017.
             Was a Priest of Sif Muna.
             Mangled by a fire elemental (14 damage)
             ... in the Dungeon (Sprint V: "Ziggurat Sprint").
             The game lasted 00:05:07 (692 turns).

potatolord6000 the Summoner (Barachi Summoner)       Turns: 692, Time: 00:05:07

Health: -8/63      AC:  3    Str:  9    XL:     7   Next: 54%
Magic:  4/18       EV: 18    Int: 32    God:    Sif Muna [***...]
Gold:   0          SH:  0    Dex: 18    Spells: 6/21 levels left

rFire    . . .     SeeInvis .   y - +6 quarterstaff "Veckiod" {venom, rC+ Int+3 Dex+5}
rCold    + . .     Gourm    .   (shield currently unavailable)
rNeg     + . .     Faith    .   a - +0 robe
rPois    .         Spirit   .   B - +1 hat of Pragmatism {rN+ Stlth+}
rElec    .         Reflect  .   (no cloak)
rCorr    .         Harm     .   (no gloves)
MR       .....     NoTele   +   (no boots)
Stlth    +++.......             (no amulet)
Regen    0.2/turn               l - +6 ring of intelligence
MPRegen  0.2/turn               m - +6 ring of intelligence

@: very slightly contaminated, hasted, invisible, very quick
A: +LOS, swims, slowness 1, strong legs 1
a: Hop, Divine Energy, Channel Magic, Renounce Religion


You were in the Dungeon.
You worshipped Sif Muna.
Sif Muna was most pleased with you.
You were full.

You visited 1 branch

Inventory:

Hand Weapons
 y - the +6 quarterstaff "Veckiod" (weapon) {venom, rC+ Int+3 Dex+5}
   (You found it in the Dungeon)

   It poisons the flesh of those it strikes.
   It affects your intelligence (+3).
   It affects your dexterity (+5).
   It protects you from cold.
Armour
 a - a +0 robe (worn)
 B - the +1 hat of Pragmatism (worn) {rN+ Stlth+}
   (You found it in the Dungeon)

   It protects you from negative energy.
   It makes you more stealthy.
Jewellery
 l - a +6 ring of intelligence (left hand)
 m - a +6 ring of intelligence (right hand)
Scrolls
 i - 4 scrolls of blinking
 n - 4 scrolls of amnesia
 o - 3 scrolls of recharging
 p - 7 scrolls of fog
 q - a scroll of holy word
 r - 5 scrolls of identify
 s - 5 scrolls of remove curse
 t - 2 scrolls of fear
Potions
 d - 10 potions of curing
 e - 8 potions of heal wounds
 f - 4 potions of haste
 g - 6 potions of magic
 h - 3 potions of berserk rage
 u - 2 potions of brilliance
 w - 4 potions of resistance
 x - a potion of cancellation {unknown}
 z - 4 potions of agility
 A - 4 potions of might
Books
 b - a book of Callings

   Spells                             Type                      Level
   a - Summon Small Mammal            Summoning                    1
   b - Call Imp                       Summoning                    2
   c - Call Canine Familiar           Summoning                    3
   d - Summon Guardian Golem          Hexes/Summoning              3
   e - Summon Lightning Spire         Summoning/Air                4
   f - Summon Ice Beast               Ice/Summoning                4
Comestibles
 c - 5 bread rations
 j - 42 fruits
 k - 3 meat rations


   Skills:
 + Level 8.6 Fighting
 + Level 7.8 Staves
 + Level 8.3 Dodging
 - Level 1.7 Stealth
 + Level 7.6 Spellcasting
 + Level 9.9 Summonings


You had 6 spell levels left.
You knew the following spells:

 Your Spells              Type           Power        Failure   Level  Hunger
a - Summon Small Mammal   Summ           ####         1%          1    None
b - Call Canine Familiar  Summ           ######..     1%          3    None
c - Summon Guardian Gole  Hex/Summ       #####...     1%          3    None
d - Summon Ice Beast      Ice/Summ       #####...     4%          4    #......
e - Summon Lightning Spi  Summ/Air       #####...     4%          4    #......


Dungeon Overview and Level Annotations

Branches:
Dungeon (1/1)

Altars:
Ashenzari
Cheibriados
Dithmenos
Elyvilon
Fedhas
Gozag
Hepliaklqana
Kikubaaqudgha
Makhleb
Nemelex Xobeh
Okawaru
Qazlal
Ru
Sif Muna
Trog
Uskayaw
Vehumet
Xom
Yredelemnul
Zin
The Shining One
Beogh
Jiyva
Lugonu

Annotations:
D 1 transporter


Innate Abilities, Weirdness & Mutations

Shadows flee at your approach. (+LOS)
You can swim through water.
You cover ground slowly.
You can hop short distances.


Message History

The hell hound bites you!
The hell hound completely misses your ice beast.
Your ice beast hits the hell hound but does no damage.
The fire elemental misses you.
The hell hound closely misses your ice beast.
The hell hound barely misses you.
Unknown command.
Unknown command.
Unknown command.
You feel yourself speed up. The fire elemental hits you.
The fire elemental burns you! The fire elemental hits you.
The fire elemental burns you!
* * * LOW HITPOINT WARNING * * *
Your ice beast hits the hell hound but does no damage.
The hell hound bites your ice beast. The hell hound bites you.
* * * LOW HITPOINT WARNING * * *
The fire elemental closely misses you. The fire elemental hits you.
* * * LOW HITPOINT WARNING * * *
The fire elemental burns you!
You die...

▓.....▓...).▓▓▓▓▓▓▓
▓▓▓▓▓▓▓▓▓▓▓▓▓▓▓▓▓▓▓
▓..8©8...▓..8©8...▓
▓.Y.))...▓..}="...▓
▓...(....▓..|.!...▓
▓.).)....▓....§...▓
▓...|....▓..E§§...▓
▓..((....▓..hEE...▓
▓...(.(..▓..Yh@...▓
▓▓▓▓▓▓▓▓▓▓▓▓▓▓▓▓▓▓▓


You could see 3 fire elementals, 2 hell hounds and a friendly ice beast.

Vanquished Creatures
  A yaktaur (D)
  Sigmund (D)
  A centaur (D)
  Blork the orc (D)
  An orc priest (D)
  Jessica (D)
  An orc (D)
7 creatures vanquished.

Vanquished Creatures (collateral kills)
  A yaktaur (D)
  A centaur (D)
  An adder (D)
  3 ball pythons (D)
6 creatures vanquished.

Grand Total: 13 creatures vanquished

Notes
Turn   | Place    | Note
-------+----------+-------------------------------------------
     0 | D        | potatolord6000 the Barachi Summoner began the quest for the Orb.
     0 | D        | Reached XP level 1. HP: 13/13 MP: 3/3
     0 | D        | Found a transporter.
     0 | D        | Found a viscous altar of Jiyva.
     0 | D        | Found an ancient bone altar of Kikubaaqudgha.
     0 | D        | Found a hazy altar of Hepliaklqana.
     0 | D        | Found a corrupted altar of Lugonu.
     0 | D        | Found an opulent altar of Gozag.
     0 | D        | Found a burning altar of Makhleb.
    10 | D        | Became a worshipper of Sif Muna the Loreminder
    50 | D        | Got the +6 quarterstaff "Veckiod" {venom, rC+ Int+3 Dex+5}
    73 | D        | Reached skill level 6 in Summonings
    73 | D        | Reached XP level 2. HP: 25/25 MP: 3/6
   107 | D        | Entered arena 2.
   107 | D        | Found a transporter.
   114 | D        | Reached XP level 3. HP: 23/30 MP: 3/8
   122 | D        | Learned a level 3 spell: Call Canine Familiar
   126 | D        | Learned a level 3 spell: Summon Guardian Golem
   177 | D        | Entered arena 3.
   177 | D        | Noticed Sigmund
   177 | D        | Noticed Jessica
   177 | D        | Noticed Blork the orc
   177 | D        | Found a transporter.
   181 | D        | Killed Jessica
   181 | D        | Reached * piety under Sif Muna
   181 | D        | Reached XP level 4. HP: 38/38 MP: 2/10
   187 | D        | Killed Blork the orc
   187 | D        | Reached skill level 5 in Fighting
   187 | D        | Reached skill level 5 in Staves
   187 | D        | Reached skill level 5 in Dodging
   187 | D        | Reached skill level 5 in Spellcasting
   187 | D        | Reached skill level 7 in Summonings
   187 | D        | Reached XP level 5. HP: 26/45 MP: 3/12
   194 | D        | Killed Sigmund
   194 | D        | Reached ** piety under Sif Muna
   194 | D        | Reached skill level 8 in Summonings
   194 | D        | Reached XP level 6. HP: 49/53 MP: 3/15
   289 | D        | Learned a level 4 spell: Summon Ice Beast
   294 | D        | Learned a level 4 spell: Summon Lightning Spire
   329 | D        | Entered arena 4.
   329 | D        | Found a transporter.
   556 | D        | Entered arena 5.
   556 | D        | Noticed a yaktaur
   556 | D        | Noticed a yaktaur
   556 | D        | Found a transporter.
   563 | D        | Reached skill level 9 in Summonings
   567 | D        | Killed a yaktaur
   567 | D        | Reached *** piety under Sif Muna
   567 | D        | Reached XP level 7. HP: 47/62 MP: 13/17
   567 | D        | Killed a yaktaur
   570 | D        | Got the +1 hat of Pragmatism {rN+ Stlth+}
   685 | D        | Entered arena 6.
   685 | D        | Noticed a fire elemental
   685 | D        | Noticed a fire elemental
   685 | D        | Noticed a fire elemental
   685 | D        | Found a transporter.
   692 | D        | Mangled by a fire elemental

Skill      XL: |  1  2  3  4  5  6  7 |
---------------+----------------------+-----
Fighting       | 3 4 5 6 8 |  8.6
Staves         | 3 4 5 6 7 |  7.8
Dodging        | 4 5 6 7 8 |  8.3
Spellcasting   | 3 4 5 6 7 |  7.6
Summonings     | 6 7 8 9 |  9.9
Stealth        | |  1.7

Action                   |  1- 3 |  4- 6 |  7- 9 || total
-------------------------+-------+-------+-------++-------
Melee: Quarterstaff      |     4 |    12 |     4 ||    20
 Cast: Summon Small Mamm |     4 |       |       ||     4
       Call Canine Famil |     1 |    10 |     1 ||    12
       Summon Guardian G |     1 |     2 |       ||     3
       Summon Ice Beast  |       |     5 |     3 ||     8
  Use: Potion            |     4 |     4 |     2 ||    10
  Eat: Meat ration       |     1 |       |       ||     1
Armor: Robe              |       |     1 |     2 ||     3
Dodge: Dodged            |       |    15 |     8 ||    23
